 Dungeon Crawl Stone Soup version 0.27-a0-1322-gfdffb62a71 (webtiles) character file.

Game seed: 6178227923720639741

2 Brandom the Sneak (level 1, -5/18 HPs)
             Began as a Demonspawn Delver on June 22, 2021.
             Shot with an arrow by a centaur (11 damage)
             ... on level 5 of the Dungeon.
             The game lasted 00:01:33 (283 turns).

Brandom the Sneak (Demonspawn Delver)                Turns: 283, Time: 00:01:34

Health: -5/18      AC:  3    Str: 12    XL:     1   Next: 33%
Magic:  1/1        EV: 11    Int: 11    God:
Gold:   0          SH:  0    Dex: 14    Spells: 0/0 levels left

rFire    . . .     SeeInvis .   a - +0 falchion
rCold    . . .     Faith    .   (no shield)
rNeg     . . .     Spirit   .   b - +0 leather armour
rPois    .         Reflect  .   (no helmet)
rElec    .         Harm     .   (no cloak)
rCorr    .         Rampage  .   (no gloves)
Will     .....                  (no boots)
Stlth    ++........             (no amulet)
HPRegen  0.06/turn              (no ring)
MPRegen  0.07/turn              (no ring)

@: no status effects
A: no striking features
a: no special abilities


You were on level 5 of the Dungeon.
You visited 1 branch of the dungeon, and saw 1 of its levels.

Inventory:

Hand Weapons
 a - a +0 falchion (weapon)
Armour
 b - a +0 leather armour (worn)
Wands
 v - a wand of digging (1)
Scrolls
 d - a scroll of magic mapping
 e - a scroll of fear
Potions
 f - a potion of haste {@q3}


   Skills:
 * Level 3.0 Fighting
 * Level 1.8 Long Blades
 + Level 0.1 Armour
 + Level 1.8 Dodging
 - Level 4.5 Stealth


You couldn't memorise any spells.
You didn't know any spells.
Your spell library was empty.

Dungeon Overview and Level Annotations

Branches:
Dungeon (5/15)
 Temple: D:4-7

Altars:
Gozag
Yredelemnul

Annotations:
D:5 Pikel


Message History

The rock shatters into small pieces.
A dart slug comes into view.
The dart slug launches a dart at you. The slug dart hits you.
You start resting.
A dart slug is nearby!
The dart slug launches a dart at you. The slug dart hits you.
The dart slug misses you.
There is a stone staircase leading down here.
You hit the dart slug but do no damage. You hit the dart slug.
The dart slug launches a dart at you. The slug dart misses you.
You hit the dart slug. The dart slug closely misses you.
You riposte.
You hit the dart slug.
You kill the dart slug!
There is an opulent altar of Gozag here.
Found a stone staircase leading down.
There is a stone staircase leading down here.
An orc comes into view. It is wielding a +0 dagger.
A lemure and a dart slug come into view.
The lemure shouts!
You hear a shout! x2
An orc wizard comes into view. It is wielding a +0 dagger.
The orc wizard shouts!
You hear a shout! x2
The orc wizard mumbles some strange words.
The orc wizard flickers and vanishes!
Deactivating autopickup; reactivate with Ctrl-A.
Pikel the Slaver comes into view.
He is wielding a +2 whip of freezing.
An orc comes into view. It is wielding a +0 hand axe.
An orc comes into view. It is wielding a +0 club.
A lemure comes into view.
Found a falchion.
There is a stone staircase leading down here.
As you read the scroll of fog, it crumbles to dust.
The scroll dissolves into smoke.
Found a basalt altar of Yredelemnul.
The orc hits you but does no damage.
A centaur comes into view.
Found a dark potion.
The centaur shouts!
The centaur wields a +0 shortbow.
The centaur shoots an arrow.
The arrow barely misses you.
The centaur shoots an arrow.
The arrow barely misses you.
The centaur shoots an arrow.
The arrow hits you!
Ouch! That really hurt!
* * * LOW HITPOINT WARNING * * *
The centaur shoots an arrow.
The arrow hits you!
Ouch! That really hurt!
You die...

#!..#. ...§. ####.#c..
#.#§ #....#.# ###..§
#.##...#####..§§§
######.#..##.......§§#
#........#..K####..§§§
#.##....##K##..K...###
#......o.5.##.....####
....#.@#######.....###8
.......## #......##.
.###### #......#8.
#.P.P..##. #.._..###8
#.P.P.###. #.....##8.
#########. #8


You could see Pikel, a lemure, a centaur and an orc.

Vanquished Creatures
  A dart slug (D:5)
1 creature vanquished.

Notes
Turn   | Place    | Note
-------+----------+-------------------------------------------
     0 | D:5      | Brandom the Demonspawn Delver began the quest for the Orb.
     0 | D:5      | Reached XP level 1. HP: 18/18 MP: 1/1
    60 | D:5      | Found an opulent altar of Gozag.
   245 | D:5      | Noticed a lemure
   247 | D:5      | Noticed an orc wizard
   247 | D:5      | Noticed Pikel
   247 | D:5      | Noticed a lemure
   267 | D:5      | Found a basalt altar of Yredelemnul.
   275 | D:5      | Noticed a centaur
   283 | D:5      | Shot with an arrow by a centaur

Illustrated notes

Levels and vault maps discovered:
D:5:      kennysheep_six_static_rooms, layout_rooms,
          nicolae_overflow_hidden_temple, minitemple, yredelemnul_altar_generic,
          temple_hall, chequers_serial_rivers_large_b, uniq_pikel

Action                   || total
-------------------------++-------
Melee: Falchion          ||     3
Evoke: Wand              ||     2
  Use: Scroll            ||     1
Armor: Leather armour    ||     1
Dodge: Dodged            ||     5
       Rpst.: Falchion   ||     1

Table legend: (Time is in decaauts)
 A = Elapsed time spent in this place.
 B = Non-inter-level travel time spent in this place.
 C = Inter-level travel time spent in this place.
 D = Time resting spent in this place.
 E = Time spent auto-exploring this place.
 F = Levels seen in this place.
 G = Mean time per level.
                   A        B        C        D        E       F      G
               +--------+--------+--------+--------+--------+-----+--------+
         Total |    283 |    283 |      0 |      7 |    149 |   1 |  283.0 |
       Dungeon |    283 |    283 |      0 |      7 |    149 |   1 |  283.0 |
               +--------+--------+--------+--------+--------+-----+--------+

Top non-repeatable levels by time:
     D:5: 283 daAuts
